Unix NetHack Version 3.7.0-59 Work-in-progress - last build Jun 15 2022 12:00:05 (ba19de5de9b105df43ec81f7b8aaf5e01ff60ae8,branch:master). Game began 2022-06-21 14:51:46, ended 2022-06-21 15:06:03. pescepalla, chaotic male human Rogue --------------- |.............- |.............| ###------------ ----- |..............#####|...<......+ |...| |.............| #...........| |...| |.............. ##|........... ----...| ------.-------- |..........| #B@d####.......| # |..........| )##0######|....>.| ##### |..........+ #+......| # ------------ ----.--- ## #### ###### -+---# #### # ####...+.### # -|-------------- ####### |.).| ## -|----- |............... ################# |.{.| #####......| |..............| #### ----- # |.....| |...............########0 +.....| |..............| |....{| ---------------- ------- Pescepalla the Cutpurse St:13 Dx:18 Co:11 In:10 Wi:12 Ch:11 Chaotic Dlvl:4 $:56 HP:0(19) Pw:8(8) AC:5 Exp:3 T:1296 Hungry Latest messages: The door opens. In what direction? You throw 2 daggers. The 1st dagger misses the iguana. The 2nd dagger hits the iguana. The iguana misses! The little dog bites the iguana. The iguana misses the little dog. In what direction? You kill the iguana! The little dog eats an iguana corpse. You swap places with your little dog. b - 3 +0 daggers (at the ready). z - a food ration. You are beginning to feel hungry. A - a tripe ration. z - 2 food rations. You stop. Your little dog is in the way! $ - 16 gold pieces. The little dog misses it. The little dog bites it. The little dog misses it. The little dog misses it. The little dog bites it. You swap places with your little dog. The shrieker shrieks. In what direction? You throw 2 daggers. The 1st dagger hits the shrieker. The 2nd dagger hits the shrieker. You kill the shrieker! The little dog picks up a white spellbook. The little dog drops a white spellbook. b - 2 +0 daggers (at the ready). $ - 7 gold pieces. You swap places with your little dog. The door opens. You see here a plaid spellbook. The little dog picks up a plaid spellbook. The little dog drops a plaid spellbook. In what direction? The dagger hits the giant bat. The giant bat bites! The giant bat bites! The giant bat bites! The giant bat bites! You die... Do you want your possessions identified? [ynq] (y) Do you want to see your attributes? [ynq] (y) Do you want an account of creatures vanquished? [ynaq] (y) Major events: Turn 1: pescepalla the chaotic male human Rogue entered the dungeon 774: entered the Gnomish Mines 1095: attained the rank of Cutpurse (level 3) 1296: killed by a giant bat Inventory: Coins $ - 56 gold pieces Weapons w - 9 +0 darts b - 8 +0 daggers (at the ready) y - a +0 dagger a - a +0 short sword (weapon in hand) Armor o - an uncursed +0 orcish helm (being worn) i - an uncursed +0 pair of jumping boots (being worn) c - an uncursed +1 leather armor (being worn) Comestibles z - 3 uncursed food rations t - an uncursed lembas wafer A - an uncursed tripe ration Scrolls q - an uncursed scroll of food detection k - an uncursed scroll of identify Potions m - an uncursed potion of confusion n - an uncursed potion of oil d - an uncursed potion of sickness Rings v - an uncursed ring of protection from shape changers l - a cursed ring of shock resistance j - an uncursed ring of sustain ability Wands u - a wand of slow monster (0:3) Tools f - an empty uncursed sack h - a drum of earthquake (0:3) g - an uncursed blindfold x - an uncursed leash e - an uncursed lock pick Gems/Stones s - a cursed worthless piece of yellowish brown glass Pescepalla the Rogue's attributes: Background: You were a Cutpurse, a level 3 male human Rogue. You were chaotic, nominally on a mission for Kos who was opposed by Issek (lawful) and Mog (neutral). You were in the Dungeons of Doom, on level 4. You entered the dungeon 1296 turns ago. You had 66 experience points, 14 more were needed to attain level 4. Basics: You had 0 out of 19 hit points. You had all 8 energy points (spell power). Your armor class was 5. Your wallet contained 56 zorkmids. Autopickup was on for '$=?"/!%' plus thrown, with exceptions. Final Characteristics: Your strength was 13 (limit:18/100). Your dexterity was 18 (limit:18). Your constitution was 11 (limit:18). Your intelligence was 10 (limit:18). Your wisdom was 12 (limit:18). Your charisma was 11 (limit:18). Final Status: You were hungry. You were unencumbered. You were wielding a short sword. You had basic skill with short sword. Final Attributes: You were devoutly aligned. You were stealthy. You could jump. You were warded. You are dead. Miscellaneous: You never encountered a bones level. Total elapsed playing time was 14 minutes and 17 seconds. Vanquished creatures: a shrieker 2 iguanas a hobbit a large kobold a yellow mold a gecko 3 jackals a goblin 5 grid bugs a bat 2 lichens a kobold zombie 3 newts 23 creatures vanquished. No species were genocided or became extinct. Voluntary challenges: You were an atheist. You read items or engraved 2 times. You engraved Elbereth 1 time. You never genocided any monsters. You never polymorphed an object. You never changed form. You used no wishes. Achievements: You entered a shop. You entered the Gnomish Mines. You attained the rank of Cutpurse. The Dungeons of Doom: levels 1 to 4 Level 1: A fountain. Level 2: A general store, a fountain. Level 3: Stairs down to The Gnomish Mines. Level 4: <- You were here. Some fountains. Final resting place for you, killed by a giant bat. The Gnomish Mines: Level 4: Game over: ---------- / \ / REST \ / IN \ / PEACE \ / \ | pescepalla | | 56 Au | | killed by a | | giant bat | | | | | | 2022 | *| * * * | * _________)/\\_//(\/(/\)/\//\/|_)_______ Goodbye pescepalla the Rogue... You died in The Dungeons of Doom on dungeon level 4 with 465 points, and 56 pieces of gold, after 1296 moves. You were level 3 with a maximum of 19 hit points when you died.